 Dungeon Crawl Stone Soup version 0.27-a0-1291-geefcff550b (webtiles) character file.

Game seed: 1220104646442990653

2674 avis the Reanimator (level 9, 0/55 (73) HPs)
             Began as a Deep Dwarf Necromancer on June 16, 2021.
             Was a Follower of Makhleb.
             Slain by an orc warrior (13 damage)
             ... on level 7 of the Dungeon.
             The game lasted 00:58:24 (8386 turns).

avis the Reanimator (Deep Dwarf Necromancer)        Turns: 8386, Time: 00:58:25

HP:   0/55 (73)     AC:  9    Str: 12    XL:     9   Next: 37%
MP:   12/12         EV:  9    Int: 18    God:    Makhleb [*.....]
Gold: 254           SH:  0    Dex: 14    Spells: 7/11 levels left

rFire    . . .     SeeInvis .   a - +2 flail (protect)
rCold    . . .     Faith    .   (no shield)
rNeg     . . .     Spirit   .   j - +0 scale mail
rPois    .         Reflect  .   (no helmet)
rElec    .         Harm     .   H - scarf {repulsion}
rCorr    .         Rampage  .   (no gloves)
Will     +....                  y - +1 pair of boots
Stlth    +.........             (no amulet)
HPRegen  0.00/turn              (no ring)
MPRegen  0.13/turn              (no ring)

@: heavily drained, repel missiles
A: damage resistance, heal wounds, sense surroundings 2, no regeneration
a: Heal Wounds, Renounce Religion


You were on level 7 of the Dungeon.
You worshipped Makhleb.
Makhleb was aware of your devotion.
You visited 2 branches of the dungeon, and saw 8 of its levels.

You collected 254 gold pieces.

Inventory:

Hand Weapons
 a - a +2 flail of protection (weapon)
 b - a +0 fustibalus
 e - a +0 shortbow
 k - a +0 quarterstaff
 s - a +2 spear of venom
 K - a +0 hand crossbow
 L - a +3 long sword
 M - a +4 scimitar
Missiles
 f - 51 stones
 g - 4 silver javelins
 h - 43 arrows
 l - 2 throwing nets
 n - 34 sling bullets
 u - 18 poisoned darts (quivered)
 G - 35 bolts
Armour
 c - a scarf of resistance
 j - a +0 scale mail (worn)
 t - a +0 chain mail of cold resistance
 y - a +1 pair of boots (worn)
 H - a scarf of repulsion (worn)
 J - a +0 plate armour
Wands
 p - a wand of digging (6)
Scrolls
 i - a scroll of teleportation
 o - a scroll of brand weapon {unknown}
 x - 2 scrolls of identify {unknown}
 A - a scroll of enchant armour
 D - a scroll of summoning {unknown}
 I - a scroll of fog {unknown}
Potions
 d - a potion of flight {unknown}
 m - 3 potions of curing {unknown}
 q - a potion of attraction {unknown}
 r - 2 potions of mutation {unknown}
 v - a potion of ambrosia {unknown}
 w - 2 potions of brilliance {unknown}
 z - 2 potions of heal wounds {unknown}
 B - a potion of cancellation {unknown}
 C - a potion of haste {unknown}
 E - a potion of berserk rage {unknown}
 F - a potion of lignification {unknown}


   Skills:
 * Level 1.7 Fighting
 - Level 5.0 Armour
 - Level 2.1 Dodging
 - Level 2.4 Stealth
 - Level 1.7 Spellcasting
 + Level 11.3 Necromancy
 + Level 8.4 Invocations


You had 7 spell levels left.
You knew the following spells:

 Your Spells              Type           Power      Damage    Failure   Level
a - Pain                  Necr           100%       1d9       1%          1
d - Vampiric Draining     Necr           21%        2d9       2%          3

Your spell library contained the following spells:

 Spells                   Type           Power      Damage    Failure   Level
 Animate Skeleton         Necr           84%        N/A       1%          1
 Animate Dead             Necr           21%        N/A       9%          4
 Agony                    Necr           42%        N/A       22%         5
 Beastly Appendage        Tmut           2%         N/A       65%         1
 Corona                   Hex            1%         N/A       65%         1
 Ensorcelled Hibernation  Hex/Ice        2%         N/A       78%         2
 Wereblood                Tmut           1%         N/A       78%         2
 Confusing Touch          Hex            1%         N/A       95%         3
 Dazzling Flash           Conj/Hex       2%         N/A       95%         3
 Spider Form              Tmut/Pois      0%         N/A       95%         3
 Tukima's Dance           Hex            1%         N/A       95%         3
 Ice Form                 Ice/Tmut       1%         N/A       100%        4


Dungeon Overview and Level Annotations

Branches:
Dungeon (7/15)             Temple (1/1) D:4

Altars:
Cheibriados
Dithmenos
Elyvilon
Fedhas
Gozag
Hepliaklqana
Kikubaaqudgha
Makhleb
Nemelex Xobeh
Okawaru
Qazlal
Ru
Sif Muna
Trog
Uskayaw
Vehumet
Wu Jian
Xom
Yredelemnul
Zin
The Shining One

Shops:
D:5 [


Innate Abilities, Weirdness & Mutations

You are resistant to damage.
You can heal yourself by infusing magical energy.
You passively map the area around you.
You do not regenerate.


Message History

Things that are here:
a +4 scimitar; a +0 robe
M - a +4 scimitar You start waiting.
Done waiting.
You open the door.
An orc comes into view. It is wielding a +0 short sword.
The orc shouts!
You hear a shout! x2
An orc warrior comes into view. It is wielding a +0 battleaxe.
Found a trident.
There is an open door, spattered with blood here.
Things that are here:
a +0 dagger; a +0 robe
There is a stone staircase leading up here.
The orc hits you but does no damage.
You climb upwards.
There is a stone staircase leading down, spattered with blood here.
Casting: Vampiric Draining (dangerous; 2% risk of failure)
Confirm with . or Enter, or press ? or * to list all spells.
Aiming: Vampiric Draining (dangerous; 2% risk of failure)
Press: ? - help, Shift-Dir - straight line, f - orc
Aim: an orc, wielding a +0 short sword and wearing a +0 ring mail You draw life force from the orc!
You kill the orc!
Makhleb accepts your kill.
You feel better.
You feel life coursing into your body.
Items here: )) [[.
There is a stone staircase leading down, spattered with blood here.
You start resting.
Magic restored.
You climb downwards.
An orc comes into view. It is wielding a +0 club.
The orc shouts!
You hear a bark!
The orc warrior hits you with a +0 battleaxe!
An orc comes into view. It is wielding a +0 dagger.
The orc warrior hits you with a +0 battleaxe!
* * * LOW HITPOINT WARNING * * *
There is a stone staircase leading up, spattered with blood here.
The orc warrior hits you with a +0 battleaxe!
You die...

###. ,#........... , , ,
..... #........... , *,
......#........^.. , *
).o..o'........... , ,
,......#...[....... ,
###############o########*
*
............#...........,,
,
............#...[o......,
*,
............'...@.......
............#........... *
............#........... ,
............#...........,
............############ *
..<#####......... ,,, ,
...#, #......... , , ,
...# , #.........., , ,
...# #..........,


You could see an orc warrior and an orc.

Vanquished Creatures
  Grinder (D:5)
  3 water moccasins
  An orc warrior (D:5)
  A black bear (D:5)
  2 necrophages
  3 ogres
  2 centaurs
  A phantom (D:5)
  2 kobold brigands (D:6)
  Blork the orc (D:4)
  A bullfrog (D:6)
  A gnoll sergeant (D:4)
  3 scorpions (D:5)
  A water moccasin skeleton (D:6)
  4 wights
  A hound (D:5)
  A centaur zombie (D:5)
  An orc priest (D:3)
  2 iguanas
  A centaur skeleton (D:4)
  Jessica (D:3)
  Natasha (thrice) (D:3)
  Ijyb (D:3)
  An orc wizard (D:6)
  11 gnolls
  7 adders
  A white imp (D:6)
  2 ufetubi
  2 adder skeletons
  A worm (D:2)
  2 dart slugs (D:2)
  10 orcs
  4 ball pythons
  6 bats
  6 endoplasms
  4 giant cockroaches
  4 hobgoblins
  4 jackals (D:3)
  5 quokkas
  2 frilled lizards
  6 goblins
  19 kobolds
135 creatures vanquished.

Vanquished Creatures (others)
  A giant cockroach (D:2)
  A hobgoblin (D:2)
2 creatures vanquished.

Grand Total: 137 creatures vanquished

Notes
Turn   | Place    | Note
-------+----------+-------------------------------------------
     0 | D:1      | avis the Deep Dwarf Necromancer began the quest for the
                  | Orb.
     0 | D:1      | Reached XP level 1. HP: 15/15 MP: 3/3
   314 | D:1      | Reached skill level 5 in Necromancy
   314 | D:1      | Reached XP level 2. HP: 22/22 MP: 0/4
   742 | D:1      | Reached XP level 3. HP: 28/28 MP: 2/5
  1295 | D:2      | Learned a level 3 spell: Vampiric Draining
  1581 | D:2      | Found a faded altar of an unknown god.
  1592 | D:2      | Reached skill level 6 in Necromancy
  1689 | D:2      | Reached XP level 4. HP: 28/36 MP: 2/6
  2352 | D:3      | Noticed Jessica
  2353 | D:3      | Noticed Natasha
  2778 | D:3      | Noticed a necrophage
  2788 | D:3      | Killed a necrophage
  2789 | D:3      | Reached skill level 7 in Necromancy
  2789 | D:3      | Reached skill level 1 in Invocations
  2789 | D:3      | Reached XP level 5. HP: 24/42 MP: 7/7
  2964 | D:3      | Noticed Ijyb
  2969 | D:3      | Killed Jessica
  3007 | D:3      | Killed Ijyb
  3083 | D:3      | Reached XP level 6. HP: 40/49 MP: 7/7
  3171 | D:3      | Killed Natasha
  3577 | D:2      | Reached skill level 8 in Necromancy
  3849 | D:3      | Noticed Natasha
  3859 | D:3      | Killed Natasha
  3918 | D:3      | Noticed Natasha
  3925 | D:3      | Killed Natasha
  4086 | D:4      | Found an ornate altar of the Wu Jian Council.
  4094 | D:4      | Found a radiant altar of Vehumet.
  4192 | D:4      | Noticed Blork the orc
  4204 | D:4      | Killed Blork the orc
  4289 | D:4      | Found a staircase to the Ecumenical Temple.
  4306 | D:4      | Reached XP level 7. HP: 43/55 MP: 7/9
  4333 | Temple   | Entered the Ecumenical Temple
  4516 | Temple   | Became a worshipper of Makhleb the Destroyer
  4832 | D:4      | Found a sparkling altar of Nemelex Xobeh.
  4833 | D:4      | Found an opulent altar of Gozag.
  4931 | D:5      | Entered Level 5 of the Dungeon
  5035 | D:5      | Reached skill level 9 in Necromancy
  5392 | D:4      | Reached skill level 5 in Invocations
  5549 | D:5      | Noticed Grinder
  5577 | D:5      | Paralysed by Grinder for 6 turns
  5599 | D:5      | Killed Grinder
  5600 | D:5      | Reached skill level 10 in Necromancy
  5600 | D:5      | Reached XP level 8. HP: 43/62 MP: 9/11
  5715 | D:5      | Found Hiel's Armour Shoppe.
  6491 | D:5      | Reached skill level 1 in Armour
  6785 | D:6      | Reached * piety under Makhleb
  6906 | D:6      | Reached skill level 11 in Necromancy
  7096 | D:6      | Gained mutation: You passively map the area around you.
                  | [Deep Dwarf growth]
  7096 | D:6      | Reached XP level 9. HP: 58/68 MP: 2/12
  7655 | D:6      | Reached skill level 5 in Armour
  7754 | D:6      | Found a white marble altar of Elyvilon.
  8093 | D:6      | Reached skill level 1 in Fighting
  8386 | D:7      | Slain by an orc warrior

Illustrated notes

Levels and vault maps discovered:
D:1:      dpeg_arrival_water_temple_mockup, layout_loops_ring
D:2:      layout_basic, chequers_ecumenical_altar_simple_redux, st_stairs_5,
          lemuel_flame_loot_1
D:3:      layout_basic, uniq_jessica, uniq_natasha, uniq_ijyb
D:4:      layout_basic, grunt_temple_overflow_opulence,
          grunt_temple_overflow_open, minmay_temple_entry_large_hall,
          hangedman_abyss_or_decor_slice, uniq_blork_the_orc
D:5:      layout_basic, serial_shops, kennysheep_mini_moat, uniq_grinder
D:6:      layout_rooms, lemuel_coloured_pillars_altar
D:7:      layout_gridville, st_stairs_2, columned_hall_lemuel, uniq_harold
Temple:   eino_temple_rhombus

Skill      XL: |  1  2  3  4  5  6  7  8  9 |
---------------+----------------------------+-----
Necromancy     | 5 6 7 8 10 11 | 11.3
Invocations    | 1 2 4 6 7 8 |  8.4
Armour         | 4 5 |  5.0
Fighting       | 1 |  1.7
Dodging        | |  2.1
Stealth        | |  2.4
Spellcasting   | |  1.7

Action                   |  1- 3 |  4- 6 |  7- 9 || total
-------------------------+-------+-------+-------++-------
Melee: Hand axe          |     6 |       |       ||     6
       War axe           |     8 |    44 |       ||    52
       Flail             |       |    29 |   225 ||   254
 Fire: Fustibalus        |    18 |    56 |    21 ||    95
Throw: Dart              |       |       |    11 ||    11
       Javelin           |       |       |     1 ||     1
 Cast: Pain              |    39 |     1 |     4 ||    44
       Vampiric Draining |     6 |    37 |    69 ||   112
 Abil: Heal Wounds       |       |     3 |     3 ||     6
  Use: Scroll            |       |       |     5 ||     5
 Stab: Sleeping          |       |     1 |       ||     1
Armor: Robe              |     2 |       |       ||     2
       Ring mail         |       |    32 |       ||    32
       Scale mail        |       |    18 |   213 ||   231
Dodge: Dodged            |    31 |    69 |   206 ||   306

Table legend: (Time is in decaauts)
 A = Elapsed time spent in this place.
 B = Non-inter-level travel time spent in this place.
 C = Inter-level travel time spent in this place.
 D = Time resting spent in this place.
 E = Time spent auto-exploring this place.
 F = Levels seen in this place.
 G = Mean time per level.
                   A        B        C        D        E       F      G
               +--------+--------+--------+--------+--------+-----+--------+
         Total |   8561 |   7877 |    684 |   3144 |   2239 |   8 | 1070.1 |
       Dungeon |   8322 |   7686 |    636 |   3140 |   2076 |   7 | 1188.9 |
        Temple |    238 |    190 |     48 |      4 |    163 |   1 |  238.0 |
               +--------+--------+--------+--------+--------+-----+--------+

Top non-repeatable levels by time:
     D:6: 1527 daAuts
     D:5: 1490 daAuts
     D:2: 1446 daAuts
     D:3: 1441 daAuts
     D:1: 1234 daAuts
     D:4: 971 daAuts
  Temple: 238 daAuts
     D:7: 209 daAuts
